 Dungeon Crawl Stone Soup version 0.27-a0-1147-gb3d8e82157 (webtiles) character file.

Game seed: 11688710676092596011

14 Ijustatesigmund the Skirmisher (level 2, 0/21 HPs)
             Began as an Octopode Fighter on May 11, 2021.
             Slain by a jackal (2 damage)
             ... on level 1 of the Dungeon.
             The game lasted 00:00:21 (267 turns).

Ijustatesigmund the Skirmisher (Octopode Fighter)    Turns: 267, Time: 00:00:22

Health: 0/21       AC:  1    Str: 15    XL:     2   Next: 45%
Magic:  2/2        EV: 11    Int: 10    God:
Gold:   36         SH:  8    Dex: 11    Spells: 1/1 levels left

rFire    . . .     SeeInvis .   a - +0 war axe
rCold    . . .     Faith    .   b - +0 kite shield
rNeg     . . .     Spirit   .   (helmet restricted)
rPois    .         Reflect  .   (no amulet)
rElec    .         Harm     .   (no ring)
rCorr    .         Rampage  .   (no ring)
Will     .....                  (no ring)
Stlth    ++........             (no ring)
HPRegen  0.07/turn              (no ring)
MPRegen  0.08/turn              (no ring)
                                (no ring)
                                (no ring)

@: mighty
A: almost no armour, amphibious, 8 rings, camouflage 1, gelatinous body 1,
(nimble swimmer 1), tentacles
a: no special abilities


You were on level 1 of the Dungeon.
You visited 1 branch of the dungeon, and saw 1 of its levels.

You collected 36 gold pieces.

Inventory:

Hand Weapons
 a - a +0 war axe (weapon)
Armour
 b - a +0 kite shield (worn)
Scrolls
 d - a scroll of teleportation {unknown}


   Skills:
 + Level 3.1 Fighting
 * Level 2.4 Axes
 + Level 3.1 Dodging
 + Level 3.1 Shields


You had one spell level left.
You didn't know any spells.
Your spell library was empty.

Dungeon Overview and Level Annotations

Branches:
Dungeon (1/15)

Altars:


Innate Abilities, Weirdness & Mutations

You cannot wear most types of armour.
You are amphibious.
You can wear up to eight rings at the same time.
Your skin changes colour to match your surroundings (Stealth+).
Your rubbery body absorbs attacks. (AC +1, EV +1)
((You are camouflaged near water. (Stealth+)))
You have tentacles for arms and can constrict up to eight enemies at once.


Message History

You slash the goblin!
You kill the goblin!
The jackal bites you.
You hit the ball python.
You kill the ball python!
You hit the goblin. You closely miss the jackal. The jackal bites you.
The goblin barely misses you. You block the jackal's attack.
You slash the goblin!
You kill the goblin!
You closely miss the jackal. The jackal bites you.
The jackal barely misses you. x2; You block the hobgoblin's attack.
The jackal barely misses you.
You barely miss the jackal. Your grab misses the jackal.
Your squeeze misses the jackal. You hit the hobgoblin.
You barely miss the jackal. The jackal bites you.
You block the jackal's attack.
The jackal bites you but does no damage.
The hobgoblin closely misses you.
A goblin comes into view. It is wielding a +0 dagger.
The jackal barely misses you. The jackal bites you.
You are too injured to fight recklessly!
Unknown command.
You feel very mighty all of a sudden. You block the hobgoblin's attack.
The jackal bites you. You block the jackal's attack.
The goblin shouts!
You hit the hobgoblin.
You kill the hobgoblin!
You closely miss the jackal. x2; You block the jackal's attack.
The jackal bites you.
* * * LOW HITPOINT WARNING * * *
You block the jackal's attack. The jackal closely misses you.
The jackal bites you.
* * * LOW HITPOINT WARNING * * *
You hit the jackal. You grab the jackal.
The jackal is moderately wounded.
You closely miss the jackal. You constrict the jackal.
The jackal closely misses you. x2; You block the jackal's attack.
The jackal misses you. The jackal bites you.
You die...

#..........#........
###
#......................
##.....................
#.............?........
#......................
#...........##........#
#..........##..........
#..............hh......
##..........#..@)......
##............>†......
#....................
#.........##.g.......
##(.......##.........
##..................
###................
#................
#..............


You could see 2 jackals and a goblin.

Vanquished Creatures
  A dart slug (D:1)
  2 bats (D:1)
  2 endoplasms (D:1)
  2 goblins (D:1)
  2 hobgoblins (D:1)
  A ball python (D:1)
10 creatures vanquished.

Notes
Turn   | Place    | Note
-------+----------+-------------------------------------------
     0 | D:1      | Ijustatesigmund the Octopode Fighter began the quest for
                  | the Orb.
     0 | D:1      | Reached XP level 1. HP: 16/16 MP: 1/1
   260 | D:1      | Reached XP level 2. HP: 17/21 MP: 2/2
   267 | D:1      | Slain by a jackal

Illustrated notes

Levels and vault maps discovered:
D:1:      dpeg_chamrin_arrival_tetris, layout_rooms,
          hellmonk_ecumenical_altar_leap_of_faith

Action                   || total
-------------------------++-------
Melee: War axe           ||    16
       Constrict         ||     4
  Use: Potion            ||     1
 Stab: Sleeping          ||     1
Armor: Skin              ||     3
Dodge: Dodged            ||    14
Block: Kite shield       ||    15

Table legend: (Time is in decaauts)
 A = Elapsed time spent in this place.
 B = Non-inter-level travel time spent in this place.
 C = Inter-level travel time spent in this place.
 D = Time resting spent in this place.
 E = Time spent auto-exploring this place.
 F = Levels seen in this place.
 G = Mean time per level.
                   A        B        C        D        E       F      G
               +--------+--------+--------+--------+--------+-----+--------+
         Total |    276 |    276 |      0 |      0 |    226 |   1 |  276.0 |
       Dungeon |    276 |    276 |      0 |      0 |    226 |   1 |  276.0 |
               +--------+--------+--------+--------+--------+-----+--------+

Top non-repeatable levels by time:
     D:1: 276 daAuts
